New York Rangers vs Los Angeles Kings
Created - Monday, April 22, 2024 at 09:11
Goals
|
| New York Rangers |
1 |
1 |
1 |
3 |
| Los Angeles Kings |
0 |
1 |
0 |
1 |
|
Shots
|
| New York Rangers |
14 |
12 |
9 |
35 |
| Los Angeles Kings |
11 |
7 |
6 |
24 |
|
1st period
1. New York Rangers , Mathew Barzal 24 (Dmitry Kulikov 7) at 6:07
Penalties :
Andrei Svechnikov (LAK) for Hooking (Minor) at 11:58
2nd period
2. New York Rangers , Cole Caufield 19 (Gabriel Landeskog 25, Mark Giordano 18) at 2:48 (PP)
3. Los Angeles Kings , Erik Brannstrom 4 (Alexander Radulov 19, Trent Frederic 12) at 17:03
Penalties :
Andrei Svechnikov (LAK) for Hooking (Minor) at 1:45, Andrei Svechnikov (LAK) for Holding (Minor) at 5:03
3rd period
4. New York Rangers , Nathan MacKinnon 23 (Pierre-Luc Dubois 29) at 2:50
Penalties :
Mathew Barzal (NYR) for Tripping (Minor) at 11:41
Goalie Stats
Igor Shesterkin (NYR), 23 saves from 24 shots - (0.958), W, 29-12-4, 60:00 minutes
John Gibson (LAK), 32 saves from 35 shots - (0.914), L, 19-27-6, 60:00 minutes
Players Stats for New York Rangers
Player Name G A P +/- PIM S H SB GA TA FO MP PP MP PK MP
------------------------------------------------------------------------------------
Adam Larsson 0 0 0 -1 0 0 2 2 0 2 0/0 21:57 2:43 1:11
Artemi Panarin 0 0 0 1 0 4 2 0 0 0 0/0 20:54 2:35 0:00
Cam Fowler 0 0 0 2 0 4 0 0 0 0 0/0 19:27 0:00 0:00
Cole Caufield 1 0 1 1 0 2 0 0 0 0 1/3 17:59 2:26 0:12
Conor Garland 0 0 0 0 0 0 1 1 1 0 0/0 11:23 0:00 0:00
David Kampf 0 0 0 -1 0 0 0 1 0 0 1/3 9:00 0:00 1:01
Dmitry Kulikov 0 1 1 2 0 3 2 1 1 0 0/0 19:28 0:00 0:39
Eric Robinson 0 0 0 -1 0 0 2 1 2 1 0/0 8:51 0:00 0:52
Filip Chytil 0 0 0 1 0 0 0 0 0 1 11/14 17:51 2:18 0:06
Gabriel Landeskog 0 1 1 0 0 4 1 0 0 0 0/0 13:53 2:26 0:00
Jake McCabe 0 0 0 0 0 0 4 1 0 0 0/0 16:04 0:00 0:09
Mark Giordano 0 1 1 -1 0 1 0 1 0 0 0/0 21:10 2:18 1:11
Mathew Barzal 1 0 1 1 2 7 0 0 2 1 2/2 18:16 2:43 0:00
Matthew Benning 0 0 0 0 0 0 1 1 0 0 0/0 16:15 0:00 0:48
Mikael Granlund 0 0 0 0 0 2 1 1 2 1 4/10 14:28 2:26 0:52
Nathan MacKinnon 1 0 1 1 0 6 1 0 1 0 0/1 21:02 2:35 0:00
Pierre-Luc Dubois 0 1 1 1 0 0 1 1 0 0 17/23 21:07 2:35 0:00
Tyler Motte 0 0 0 -1 0 2 1 1 0 0 0/0 8:55 0:00 0:55
Players Stats for Los Angeles Kings
Player Name G A P +/- PIM S H SB GA TA FO MP PP MP PK MP
------------------------------------------------------------------------------------
Alexander Radulov 0 1 1 0 0 3 1 0 0 0 8/16 18:18 1:03 2:39
Alexander Romanov 0 0 0 -1 0 0 2 5 0 1 0/0 22:20 1:00 3:06
Andrei Kuzmenko 0 0 0 0 0 2 2 1 0 0 1/2 19:17 0:49 2:13
Andrei Svechnikov 0 0 0 0 6 2 4 0 0 0 0/1 16:59 0:52 0:00
Cole Perfetti 0 0 0 -1 0 3 2 0 2 0 2/11 15:39 0:58 1:44
Cooper Marody 0 0 0 0 0 1 0 1 1 0 3/5 10:24 0:00 0:00
Erik Brannstrom 1 0 1 1 0 1 1 1 0 1 0/0 16:22 0:00 0:06
Jakub Zboril 0 0 0 0 0 0 0 0 0 0 1/2 9:51 0:00 0:06
Joshua Brown 0 0 0 1 0 1 2 0 0 1 0/0 15:56 0:00 0:00
K'Andre Miller 0 0 0 -1 0 1 0 3 1 1 0/0 22:20 1:00 3:06
Marco Rossi 0 0 0 -1 0 2 1 1 0 0 0/0 13:34 1:03 0:00
Noah Dobson 0 0 0 -1 0 2 1 1 2 2 0/0 21:18 0:59 1:49
Owen Power 0 0 0 -1 0 1 1 2 0 1 0/0 21:18 0:59 1:49
Peyton Krebs 0 0 0 0 0 2 0 0 0 1 1/1 15:47 0:16 0:47
Ryan Reaves 0 0 0 -1 0 0 1 0 0 1 0/0 12:37 0:07 0:00
Seth Jarvis 0 0 0 0 0 0 1 0 0 0 4/18 18:33 0:49 2:39
Trent Frederic 0 1 1 0 0 1 3 0 0 0 0/0 14:48 0:00 0:00
Vitali Kravtsov 0 0 0 0 0 2 0 1 0 0 0/0 9:35 0:00 0:00
3 Stars
1 - Igor Shesterkin (NYR)
2 - Nathan MacKinnon (NYR)
3 - Dmitry Kulikov (NYR)
Power Play
New York Rangers - 1 on 3 Attempt(s) - 33.33%
Los Angeles Kings - 0 on 1 Attempt(s) - 0.00%
Penalty Kill
New York Rangers - 1 on 1 Attempt(s) - 100.00%
- Score 0 goal in Penalty Kill
Los Angeles Kings - 2 on 3 Attempt(s) - 66.67%
- Score 0 goal in Penalty Kill
Team Stat
New York Rangers - Hits : 19 - Faceoff Wins : 36 - Blocked Shots : 12 - Penalty Minutes : 2
Los Angeles Kings - Hits : 22 - Faceoff Wins : 20 - Blocked Shots : 16 - Penalty Minutes : 6
Official
Referees : Dave Jackson and Trevor Hanson
Linesman : Pierre Racicot and Brandon Gawryletz
Game Notes
No Game Note
Finance
Level 1 -- Attendance: 4290 (71.50%) -- Ticket Income $429,000
Level 2 -- Attendance: 3435 (68.70%) -- Ticket Income $206,100
Level 3 -- Attendance: 2420 (80.67%) -- Ticket Income $84,700
Level 4 -- Attendance: 3511 (70.22%) -- Ticket Income $87,775
Luxury Box -- Attendance: 693 (69.30%) -- Ticket Income $138,600
Game was played at the Staples Center.
Total Attendance: 14349 (71.75%)
Total Ticket Income: $946,175
Other Income: $331,161
Total Income: $1,277,336
New York Rangers
5 vs 5 Forward
Center Left Wing Right Wing Time % Phy DF OF
1 Pierre-Luc Dubois Artemi Panarin Nathan MacKinnon 37 0 1 4
2 Filip Chytil Cole Caufield Mathew Barzal 30 1 1 3
3 Mikael Granlund Conor Garland Gabriel Landeskog 23 1 2 2
4 David Kampf Eric Robinson Tyler Motte 10 1 3 1
5 vs 5 Defense
Defense Defense Time % Phy DF OF
1 Cam Fowler Dmitry Kulikov 35 1 2 2
2 Adam Larsson Mark Giordano 33 1 2 2
3 Matthew Benning Jake McCabe 32 1 2 2
4 Cam Fowler Adam Larsson 0 1 2 2
PowerPlay Forward
Center Left Wing Right Wing Time % Phy DF OF
1 Pierre-Luc Dubois Nathan MacKinnon Artemi Panarin 50 0 1 4
2 Mikael Granlund Gabriel Landeskog Cole Caufield 50 0 1 4
PowerPlay Defense
Defense Defense Time % Phy DF OF
1 Mathew Barzal Adam Larsson 60 1 1 3
2 Filip Chytil Mark Giordano 40 1 1 3
Penalty Kill 4 Players Forward
Center Wing Time % Phy DF OF
1 David Kampf Tyler Motte 50 1 3 1
2 Mikael Granlund Eric Robinson 50 1 3 1
Penalty Kill 4 Players Defense
Defense Defense Time % Phy DF OF
1 Matthew Benning Dmitry Kulikov 50 1 3 1
2 Adam Larsson Mark Giordano 50 1 3 1
Penalty Kill - 3 Players Forward
Forward Time % Phy DF OF
1 Mikael Granlund 50 1 2 2
2 David Kampf 50 1 2 2
Penalty Kill - 3 Players Defense
Defense Defense Time % Phy DF OF
1 Matthew Benning Dmitry Kulikov 50 1 3 1
2 Adam Larsson Mark Giordano 50 1 3 1
4 vs 4 Forward
Center Wing Time % Phy DF OF
1 Nathan MacKinnon Artemi Panarin 50 0 2 3
2 Pierre-Luc Dubois Cole Caufield 50 0 2 3
4 vs 4 Defense
Defense Defense Time % Phy DF OF
1 Cam Fowler Adam Larsson 50 1 2 2
2 Dmitry Kulikov Mark Giordano 50 1 2 2
Last Minutes Offensive
Center Left Wing Right Wing Defense Defense
Nathan MacKinnon Cole Caufield Pierre-Luc Dubois Cam Fowler Adam Larsson
Last Minutes Defensive
Center Left Wing Right Wing Defense Defense
David Kampf Tyler Motte Mikael Granlund Dmitry Kulikov Adam Larsson
Goaltenders
Starting : Igor Shesterkin
Backup : Tristan Jarry
Extra Forwards
Normal : Nathan MacKinnon, Pierre-Luc Dubois, Gabriel Landeskog - PP : Gabriel Landeskog, Cole Caufield - PK : David Kampf
Extra Defensemen
Normal : Matthew Benning, Jake McCabe, Dmitry Kulikov - PP : Matthew Benning - PK : Jake McCabe, Dmitry Kulikov
Penalty Shots
Artemi Panarin, Cole Caufield, Pierre-Luc Dubois, Mark Giordano, David Kampf
Los Angeles Kings
5 vs 5 Forward
Center Left Wing Right Wing Time % Phy DF OF
1 Seth Jarvis Andrei Svechnikov Andrei Kuzmenko 30 1 2 2
2 Alexander Radulov Trent Frederic Peyton Krebs 30 1 2 2
3 Cole Perfetti Ryan Reaves Marco Rossi 25 1 2 2
4 Cooper Marody Vitali Kravtsov Jakub Zboril 15 1 2 2
5 vs 5 Defense
Defense Defense Time % Phy DF OF
1 K'Andre Miller Alexander Romanov 35 1 2 2
2 Noah Dobson Owen Power 35 1 2 2
3 Joshua Brown Erik Brannstrom 30 1 2 2
4 K'Andre Miller Alexander Romanov 0 1 2 2
PowerPlay Forward
Center Left Wing Right Wing Time % Phy DF OF
1 Seth Jarvis Andrei Svechnikov Andrei Kuzmenko 50 1 2 2
2 Alexander Radulov Cole Perfetti Marco Rossi 50 1 2 2
PowerPlay Defense
Defense Defense Time % Phy DF OF
1 K'Andre Miller Alexander Romanov 50 1 2 2
2 Noah Dobson Owen Power 50 1 2 2
Penalty Kill 4 Players Forward
Center Wing Time % Phy DF OF
1 Andrei Svechnikov Andrei Kuzmenko 50 1 2 2
2 Alexander Radulov Seth Jarvis 50 1 2 2
Penalty Kill 4 Players Defense
Defense Defense Time % Phy DF OF
1 K'Andre Miller Alexander Romanov 50 1 2 2
2 Noah Dobson Owen Power 50 1 2 2
Penalty Kill - 3 Players Forward
Forward Time % Phy DF OF
1 Andrei Svechnikov 50 1 2 2
2 Andrei Kuzmenko 50 1 2 2
Penalty Kill - 3 Players Defense
Defense Defense Time % Phy DF OF
1 K'Andre Miller Alexander Romanov 50 1 2 2
2 Noah Dobson Owen Power 50 1 2 2
4 vs 4 Forward
Center Wing Time % Phy DF OF
1 Andrei Svechnikov Andrei Kuzmenko 50 1 2 2
2 Alexander Radulov Seth Jarvis 50 1 2 2
4 vs 4 Defense
Defense Defense Time % Phy DF OF
1 K'Andre Miller Alexander Romanov 50 1 2 2
2 Noah Dobson Owen Power 50 1 2 2
Last Minutes Offensive
Center Left Wing Right Wing Defense Defense
Seth Jarvis Andrei Svechnikov Andrei Kuzmenko K'Andre Miller Alexander Romanov
Last Minutes Defensive
Center Left Wing Right Wing Defense Defense
Seth Jarvis Andrei Svechnikov Andrei Kuzmenko K'Andre Miller Alexander Romanov
Goaltenders
Starting : John Gibson
Backup : Jonas Johansson
Extra Forwards
Normal : Marco Rossi, Alexander Radulov, Cole Perfetti - PP : Marco Rossi, Alexander Radulov - PK : Cole Perfetti
Extra Defensemen
Normal : Joshua Brown, Erik Brannstrom, Noah Dobson - PP : Joshua Brown - PK : Erik Brannstrom, Noah Dobson
Penalty Shots
Andrei Svechnikov, Andrei Kuzmenko, Cole Perfetti, Seth Jarvis, Alexander Radulov
% Time on Ice - New York Rangers
Lines # - Real PCT - Wanted PCT - Time Play
Normal Forward
1 - 35% - 37% - 18:20
2 - 29% - 30% - 15:18
3 - 21% - 23% - 11:23
4 - 15% - 10% - 7:59
Normal Defense
1 - 36% - 35% - 19:20
2 - 33% - 33% - 17:41
3 - 29% - 32% - 15:26
4 - 1% - 0% - 0:33
PP Forward
1 - 51% - 50% - 2:35
2 - 49% - 50% - 2:26
PP Defense
1 - 54% - 60% - 2:43
2 - 46% - 40% - 2:18
PK Forward
1 - 54% - 50% - 1:04
2 - 46% - 50% - 0:55
PK Defense
1 - 40% - 50% - 0:48
2 - 60% - 50% - 1:11
PK3 Forward
1 - 0% - 50%
2 - 0% - 50%
PK3 Defense
1 - 0% - 50%
2 - 0% - 50%
44 Forward
1 - 0% - 50%
2 - 0% - 50%
44 Defense
1 - 0% - 50%
2 - 0% - 50%
Last Minute Offensive - 0:00
Last Minute Defensive - 0:00
Total
Forward - 60:00
Defense - 60:00
|
% Time on Ice - Los Angeles Kings
Lines # - Real PCT - Wanted PCT - Time Play
Normal Forward
1 - 29% - 30% - 15:20
2 - 31% - 30% - 16:35
3 - 22% - 25% - 11:40
4 - 18% - 15% - 9:25
Normal Defense
1 - 34% - 35% - 18:14
2 - 36% - 35% - 18:50
3 - 30% - 30% - 15:56
4 - 0% - 0% - 0:00
PP Forward
1 - 44% - 50% - 0:52
2 - 56% - 50% - 1:07
PP Defense
1 - 50% - 50% - 1:00
2 - 50% - 50% - 0:59
PK Forward
1 - 47% - 50% - 2:22
2 - 53% - 50% - 2:39
PK Defense
1 - 62% - 50% - 3:06
2 - 38% - 50% - 1:55
PK3 Forward
1 - 0% - 50%
2 - 0% - 50%
PK3 Defense
1 - 0% - 50%
2 - 0% - 50%
44 Forward
1 - 0% - 50%
2 - 0% - 50%
44 Defense
1 - 0% - 50%
2 - 0% - 50%
Last Minute Offensive - 0:00
Last Minute Defensive - 0:00
Total
Forward - 60:00
Defense - 60:00
|
Play-by-Play
1st period
0:01 of 1st period - Pierre-Luc Dubois wins face-off versus Seth Jarvis in neutral zone.
1:35 of 1st period - Snap shot by Nathan MacKinnon.
1:35 of 1st period - Shot Misses the Net.
1:37 of 1st period - Slapshot by Mark Giordano.
1:37 of 1st period - Stopped by John Gibson without a rebound.
1:38 of 1st period - Filip Chytil wins face-off versus Alexander Radulov in Los Angeles Kings zone.
2:08 of 1st period - Wrist shot by Pierre-Luc Dubois.
2:08 of 1st period - Shot Misses the Net.
2:14 of 1st period - Wrist shot by Trent Frederic.
2:14 of 1st period - Shot Misses the Net.
2:21 of 1st period - Snap shot by Joshua Brown.
2:21 of 1st period - Shot Misses the Net.
2:23 of 1st period - Slapshot by Erik Brannstrom.
2:23 of 1st period - Shot Blocked by Dmitry Kulikov.
2:25 of 1st period - Snap shot by Alexander Radulov.
2:25 of 1st period - Shot Misses the Net.
2:27 of 1st period - Snap shot by Peyton Krebs.
2:27 of 1st period - Stopped by Igor Shesterkin without a rebound.
2:28 of 1st period - David Kampf wins face-off versus Cole Perfetti in New York Rangers zone.
2:53 of 1st period - Andrei Kuzmenko is hit by Jake McCabe and loses puck.
4:16 of 1st period - Slapshot by Cole Caufield.
4:16 of 1st period - Shot Misses the Net.
4:18 of 1st period - Wrist shot by Mathew Barzal.
4:18 of 1st period - Deflect By Cole Caufield.
4:18 of 1st period - Shot Blocked by Owen Power.
4:18 of 1st period - Puck is out of play.
4:19 of 1st period - Pierre-Luc Dubois wins face-off versus Cole Perfetti in Los Angeles Kings zone.
4:22 of 1st period - Snap shot by Nathan MacKinnon.
4:22 of 1st period - Stopped by John Gibson with a rebound.
4:44 of 1st period - Filip Chytil is hit by Andrei Svechnikov and loses puck.
5:11 of 1st period - Slapshot by Vitali Kravtsov.
5:11 of 1st period - Stopped by Igor Shesterkin without a rebound.
5:12 of 1st period - Pierre-Luc Dubois wins face-off versus Alexander Radulov in New York Rangers zone.
5:51 of 1st period - Slapshot by Gabriel Landeskog.
5:51 of 1st period - Stopped by John Gibson without a rebound.
5:52 of 1st period - Mathew Barzal wins face-off versus Cole Perfetti in Los Angeles Kings zone.
6:07 of 1st period - Wrist shot by Mathew Barzal.
6:07 of 1st period - Goal by Mathew Barzal - New York Rangers : 1 - Los Angeles Kings : 0.
6:08 of 1st period - Pierre-Luc Dubois wins face-off versus Seth Jarvis in neutral zone.
6:22 of 1st period - Snap shot by Andrei Kuzmenko.
6:22 of 1st period - Stopped by Igor Shesterkin without a rebound.
6:23 of 1st period - Filip Chytil wins face-off versus Cole Perfetti in New York Rangers zone.
6:23 of 1st period - Filip Chytil is hit by Alexander Romanov.
6:48 of 1st period - Dmitry Kulikov is hit by Andrei Svechnikov and loses puck.
7:00 of 1st period - Icing by Andrei Svechnikov.
7:01 of 1st period - Mikael Granlund wins face-off versus Seth Jarvis in Los Angeles Kings zone.
7:04 of 1st period - Wrist shot by Gabriel Landeskog.
7:04 of 1st period - Deflect By Mikael Granlund.
7:04 of 1st period - Shot Misses the Net.
7:04 of 1st period - Puck is out of play.
7:05 of 1st period - Mikael Granlund wins face-off versus Jakub Zboril in Los Angeles Kings zone.
7:08 of 1st period - Wrist shot by Gabriel Landeskog.
7:08 of 1st period - Stopped by John Gibson with a rebound.
7:10 of 1st period - Snap shot by Gabriel Landeskog.
7:10 of 1st period - Stopped by John Gibson with a rebound.
7:30 of 1st period - Matthew Benning is hit by Trent Frederic and loses puck.
8:02 of 1st period - Icing by Ryan Reaves.
8:03 of 1st period - Cole Perfetti wins face-off versus Filip Chytil in Los Angeles Kings zone.
8:30 of 1st period - Snap shot by Gabriel Landeskog.
8:30 of 1st period - Stopped by John Gibson without a rebound.
8:31 of 1st period - Seth Jarvis wins face-off versus Mikael Granlund in Los Angeles Kings zone.
8:31 of 1st period - Seth Jarvis is hit by Dmitry Kulikov.
8:37 of 1st period - Gabriel Landeskog is hit by Andrei Svechnikov and loses puck.
8:44 of 1st period - Wrist shot by Andrei Svechnikov.
8:44 of 1st period - Stopped by Igor Shesterkin with a rebound.
8:46 of 1st period - Wrist shot by Joshua Brown.
8:46 of 1st period - Stopped by Igor Shesterkin without a rebound.
8:47 of 1st period - Peyton Krebs wins face-off versus Pierre-Luc Dubois in New York Rangers zone.
9:11 of 1st period - Icing by Erik Brannstrom.
9:12 of 1st period - Alexander Radulov wins face-off versus Cole Caufield in Los Angeles Kings zone.
9:26 of 1st period - Off-side.
9:27 of 1st period - Cooper Marody wins face-off versus Pierre-Luc Dubois in neutral zone.
9:29 of 1st period - Off-side.
9:30 of 1st period - Cooper Marody wins face-off versus Nathan MacKinnon in neutral zone.
10:29 of 1st period - Cole Perfetti is hit by Adam Larsson and loses puck.
10:40 of 1st period - Cam Fowler is hit by Andrei Svechnikov and loses puck.
11:01 of 1st period - Slapshot by Cooper Marody.
11:01 of 1st period - Stopped by Igor Shesterkin with a rebound.
11:21 of 1st period - Nathan MacKinnon is hit by Noah Dobson and loses puck.
11:44 of 1st period - Snap shot by Nathan MacKinnon.
11:44 of 1st period - Stopped by John Gibson without a rebound.
11:45 of 1st period - Filip Chytil wins face-off versus Seth Jarvis in Los Angeles Kings zone.
11:56 of 1st period - Wrist shot by Mathew Barzal.
11:56 of 1st period - Stopped by John Gibson with a rebound.
11:58 of 1st period - Minor Penalty to Andrei Svechnikov for Hooking.
11:59 of 1st period - Cole Perfetti wins face-off versus Mikael Granlund in Los Angeles Kings zone.
12:26 of 1st period - Artemi Panarin is hit by Cole Perfetti and loses puck.
13:58 of 1st period - Penalty to Andrei Svechnikov is over, Andrei Svechnikov is back on ice.
14:07 of 1st period - Slapshot by Mathew Barzal.
14:07 of 1st period - Stopped by John Gibson with a rebound.
14:09 of 1st period - Wrist shot by Tyler Motte.
14:09 of 1st period - Stopped by John Gibson with a rebound.
14:48 of 1st period - Snap shot by Marco Rossi.
14:48 of 1st period - Stopped by Igor Shesterkin with a rebound.
15:02 of 1st period - Noah Dobson is hit by Jake McCabe and loses puck.
16:42 of 1st period - Icing by Cole Caufield.
16:43 of 1st period - Filip Chytil wins face-off versus Alexander Radulov in New York Rangers zone.
17:51 of 1st period - Off-side.
17:52 of 1st period - Jakub Zboril wins face-off versus Mikael Granlund in neutral zone.
17:55 of 1st period - Snap shot by Noah Dobson.
17:55 of 1st period - Deflect By Mikael Granlund.
17:55 of 1st period - Stopped by Igor Shesterkin with a rebound.
18:03 of 1st period - Snap shot by Cooper Marody.
18:03 of 1st period - Shot Blocked by Conor Garland.
18:20 of 1st period - Slapshot by Andrei Svechnikov.
18:20 of 1st period - Shot Blocked by Pierre-Luc Dubois.
18:22 of 1st period - Wrist shot by Andrei Kuzmenko.
18:22 of 1st period - Stopped by Igor Shesterkin without a rebound.
18:23 of 1st period - Pierre-Luc Dubois wins face-off versus Andrei Svechnikov in New York Rangers zone.
18:23 of 1st period - Pierre-Luc Dubois is hit by Andrei Kuzmenko.
18:50 of 1st period - Wrist shot by Artemi Panarin.
18:50 of 1st period - Shot Blocked by K'Andre Miller.
18:52 of 1st period - Slapshot by Dmitry Kulikov.
18:52 of 1st period - Stopped by John Gibson with a rebound.
18:54 of 1st period - Slapshot by Cam Fowler.
18:54 of 1st period - Stopped by John Gibson with a rebound.
18:56 of 1st period - Slapshot by Cam Fowler.
18:56 of 1st period - Stopped by John Gibson without a rebound.
18:57 of 1st period - Mathew Barzal wins face-off versus Seth Jarvis in Los Angeles Kings zone.
19:00 of 1st period - Slapshot by Cole Caufield.
19:00 of 1st period - Shot Blocked by Andrei Kuzmenko.
19:22 of 1st period - Mikael Granlund is hit by Alexander Radulov and loses puck.
19:43 of 1st period - Slapshot by Trent Frederic.
19:43 of 1st period - Shot Blocked by Eric Robinson.
19:45 of 1st period - Slapshot by Marco Rossi.
19:45 of 1st period - Shot Blocked by David Kampf.
19:47 of 1st period - Slapshot by Marco Rossi.
19:47 of 1st period - Stopped by Igor Shesterkin with a rebound.
19:49 of 1st period - Snap shot by Marco Rossi.
19:49 of 1st period - Shot Misses the Net.
19:51 of 1st period - Slapshot by Owen Power.
19:51 of 1st period - Shot Misses the Net.
19:53 of 1st period - Slapshot by Owen Power.
19:53 of 1st period - Stopped by Igor Shesterkin without a rebound.
19:54 of 1st period - Filip Chytil wins face-off versus Seth Jarvis in New York Rangers zone.
Goals for this period are 1 for New York Rangers vs 0 for Los Angeles Kings.
Shots for this period are 14 for New York Rangers vs 11 for Los Angeles Kings.
2nd period
0:01 of 2nd period - Pierre-Luc Dubois wins face-off versus Seth Jarvis in neutral zone.
1:36 of 2nd period - Adam Larsson is hit by Joshua Brown and loses puck.
1:45 of 2nd period - Minor Penalty to Andrei Svechnikov for Hooking.
1:46 of 2nd period - Alexander Radulov wins face-off versus Mikael Granlund in Los Angeles Kings zone.
2:11 of 2nd period - Slapshot by Nathan MacKinnon.
2:11 of 2nd period - Deflect By Seth Jarvis.
2:11 of 2nd period - Shot Misses the Net.
2:11 of 2nd period - Puck is out of play.
2:12 of 2nd period - Pierre-Luc Dubois wins face-off versus Cole Perfetti in Los Angeles Kings zone.
2:46 of 2nd period - Snap shot by Gabriel Landeskog.
2:46 of 2nd period - Shot Blocked by Alexander Romanov.
2:48 of 2nd period - Backhand shot by Cole Caufield.
2:48 of 2nd period - Goal by Cole Caufield - New York Rangers : 2 - Los Angeles Kings : 0.
2:49 of 2nd period - Alexander Radulov wins face-off versus Cole Caufield in neutral zone.
2:52 of 2nd period - Cole Caufield is hit by Trent Frederic and loses puck.
3:15 of 2nd period - Artemi Panarin is hit by Cole Perfetti and loses puck.
4:19 of 2nd period - Snap shot by Cole Caufield.
4:19 of 2nd period - Shot Blocked by Owen Power.
4:38 of 2nd period - Wrist shot by Trent Frederic.
4:38 of 2nd period - Shot Blocked by Jake McCabe.
4:40 of 2nd period - Slapshot by Peyton Krebs.
4:40 of 2nd period - Shot Misses the Net.
4:42 of 2nd period - Backhand shot by Trent Frederic.
4:42 of 2nd period - Shot Misses the Net.
4:44 of 2nd period - Wrist shot by Peyton Krebs.
4:44 of 2nd period - Deflect By Nathan MacKinnon.
4:44 of 2nd period - Stopped by Igor Shesterkin with a rebound.
4:48 of 2nd period - Wrist shot by Alexander Radulov.
4:48 of 2nd period - Shot Misses the Net.
5:03 of 2nd period - Minor Penalty to Andrei Svechnikov for Holding.
5:04 of 2nd period - Pierre-Luc Dubois wins face-off versus Cole Perfetti in Los Angeles Kings zone.
5:10 of 2nd period - Snap shot by Artemi Panarin.
5:10 of 2nd period - Shot Blocked by Alexander Romanov.
6:04 of 2nd period - Owen Power is hit by Artemi Panarin.
7:03 of 2nd period - Penalty to Andrei Svechnikov is over, Andrei Svechnikov is back on ice.
7:20 of 2nd period - Wrist shot by Tyler Motte.
7:20 of 2nd period - Shot Misses the Net.
7:22 of 2nd period - Slapshot by Cam Fowler.
7:22 of 2nd period - Stopped by John Gibson without a rebound.
7:23 of 2nd period - Cooper Marody wins face-off versus David Kampf in Los Angeles Kings zone.
7:50 of 2nd period - Cole Perfetti is hit by Gabriel Landeskog.
9:05 of 2nd period - Icing by Cole Caufield.
9:06 of 2nd period - Seth Jarvis wins face-off versus Filip Chytil in New York Rangers zone.
9:27 of 2nd period - Trent Frederic is hit by Adam Larsson and loses puck.
9:36 of 2nd period - Snap shot by Nathan MacKinnon.
9:36 of 2nd period - Stopped by John Gibson with a rebound.
9:38 of 2nd period - Slapshot by Adam Larsson.
9:38 of 2nd period - Shot Misses the Net.
9:54 of 2nd period - Joshua Brown is hit by Conor Garland and loses puck.
10:49 of 2nd period - Snap shot by Mathew Barzal.
10:49 of 2nd period - Shot Misses the Net.
10:55 of 2nd period - Wrist shot by Mathew Barzal.
10:55 of 2nd period - Shot Misses the Net.
10:57 of 2nd period - Wrist shot by Mathew Barzal.
10:57 of 2nd period - Shot Misses the Net.
11:39 of 2nd period - Icing by Dmitry Kulikov.
11:40 of 2nd period - Pierre-Luc Dubois wins face-off versus Alexander Radulov in New York Rangers zone.
11:40 of 2nd period - Pierre-Luc Dubois is hit by Trent Frederic.
11:47 of 2nd period - Icing by Erik Brannstrom.
11:48 of 2nd period - Alexander Radulov wins face-off versus Pierre-Luc Dubois in Los Angeles Kings zone.
11:48 of 2nd period - Alexander Radulov is hit by Jake McCabe.
12:30 of 2nd period - Slapshot by Cam Fowler.
12:30 of 2nd period - Shot Blocked by Erik Brannstrom.
12:32 of 2nd period - Slapshot by Cam Fowler.
12:32 of 2nd period - Stopped by John Gibson without a rebound.
12:33 of 2nd period - Filip Chytil wins face-off versus Seth Jarvis in Los Angeles Kings zone.
13:05 of 2nd period - Backhand shot by Noah Dobson.
13:05 of 2nd period - Stopped by Igor Shesterkin without a rebound.
13:06 of 2nd period - Pierre-Luc Dubois wins face-off versus Cole Perfetti in New York Rangers zone.
13:19 of 2nd period - Wrist shot by Artemi Panarin.
13:19 of 2nd period - Shot Misses the Net.
13:55 of 2nd period - Wrist shot by Gabriel Landeskog.
13:55 of 2nd period - Shot Misses the Net.
14:35 of 2nd period - Wrist shot by Trent Frederic.
14:35 of 2nd period - Stopped by Igor Shesterkin without a rebound.
14:36 of 2nd period - Alexander Radulov wins face-off versus Pierre-Luc Dubois in New York Rangers zone.
14:41 of 2nd period - Wrist shot by Alexander Radulov.
14:41 of 2nd period - Shot Misses the Net.
14:43 of 2nd period - Snap shot by Alexander Radulov.
14:43 of 2nd period - Stopped by Igor Shesterkin with a rebound.
14:45 of 2nd period - Wrist shot by Trent Frederic.
14:45 of 2nd period - Shot Blocked by Mark Giordano.
14:47 of 2nd period - Wrist shot by Trent Frederic.
14:47 of 2nd period - Shot Blocked by Adam Larsson.
14:49 of 2nd period - Snap shot by Erik Brannstrom.
14:49 of 2nd period - Shot Blocked by Adam Larsson.
15:08 of 2nd period - Mathew Barzal is hit by Andrei Kuzmenko and loses puck.
15:54 of 2nd period - Wrist shot by Tyler Motte.
15:54 of 2nd period - Stopped by John Gibson with a rebound.
15:56 of 2nd period - Slapshot by Dmitry Kulikov.
15:56 of 2nd period - Stopped by John Gibson without a rebound.
15:57 of 2nd period - Pierre-Luc Dubois wins face-off versus Seth Jarvis in Los Angeles Kings zone.
16:02 of 2nd period - Wrist shot by Nathan MacKinnon.
16:02 of 2nd period - Shot Blocked by Alexander Romanov.
16:04 of 2nd period - Slapshot by Artemi Panarin.
16:04 of 2nd period - Shot Hit the Post.
16:31 of 2nd period - Wrist shot by Cole Caufield.
16:31 of 2nd period - Shot Misses the Net.
16:33 of 2nd period - Slapshot by Matthew Benning.
16:33 of 2nd period - Shot Misses the Net.
16:35 of 2nd period - Snap shot by Cole Caufield.
16:35 of 2nd period - Shot Misses the Net.
17:01 of 2nd period - Snap shot by Alexander Radulov.
17:01 of 2nd period - Stopped by Igor Shesterkin with a rebound.
17:03 of 2nd period - Snap shot by Erik Brannstrom.
17:03 of 2nd period - Goal by Erik Brannstrom - New York Rangers : 2 - Los Angeles Kings : 1.
17:04 of 2nd period - Pierre-Luc Dubois wins face-off versus Seth Jarvis in neutral zone.
17:10 of 2nd period - Slapshot by Pierre-Luc Dubois.
17:10 of 2nd period - Deflect By Nathan MacKinnon.
17:10 of 2nd period - Stopped by John Gibson without a rebound.
17:11 of 2nd period - Pierre-Luc Dubois wins face-off versus Seth Jarvis in Los Angeles Kings zone.
17:20 of 2nd period - Snap shot by Pierre-Luc Dubois.
17:20 of 2nd period - Shot Blocked by Alexander Romanov.
17:22 of 2nd period - Slapshot by Cam Fowler.
17:22 of 2nd period - Shot Misses the Net.
17:24 of 2nd period - Slapshot by Cam Fowler.
17:24 of 2nd period - Shot Misses the Net.
17:26 of 2nd period - Slapshot by Cam Fowler.
17:26 of 2nd period - Shot Misses the Net.
17:28 of 2nd period - Snap shot by Artemi Panarin.
17:28 of 2nd period - Stopped by John Gibson with a rebound.
17:38 of 2nd period - Snap shot by Artemi Panarin.
17:38 of 2nd period - Stopped by John Gibson with a rebound.
17:40 of 2nd period - Snap shot by Dmitry Kulikov.
17:40 of 2nd period - Stopped by John Gibson with a rebound.
17:50 of 2nd period - Andrei Svechnikov is hit by Pierre-Luc Dubois and loses puck.
18:11 of 2nd period - Wrist shot by Nathan MacKinnon.
18:11 of 2nd period - Deflect By Artemi Panarin.
18:11 of 2nd period - Shot Misses the Net.
18:11 of 2nd period - Puck is out of play.
18:12 of 2nd period - Alexander Radulov wins face-off versus Filip Chytil in Los Angeles Kings zone.
18:36 of 2nd period - Icing by Joshua Brown.
18:37 of 2nd period - Alexander Radulov wins face-off versus Mikael Granlund in Los Angeles Kings zone.
18:37 of 2nd period - Alexander Radulov is hit by Matthew Benning.
18:47 of 2nd period - Snap shot by Cole Perfetti.
18:47 of 2nd period - Shot Misses the Net.
18:49 of 2nd period - Slapshot by Erik Brannstrom.
18:49 of 2nd period - Shot Blocked by Matthew Benning.
18:51 of 2nd period - Slapshot by Ryan Reaves.
18:51 of 2nd period - Shot Misses the Net.
19:32 of 2nd period - Wrist shot by Alexander Radulov.
19:32 of 2nd period - Stopped by Igor Shesterkin without a rebound.
19:33 of 2nd period - Pierre-Luc Dubois wins face-off versus Cole Perfetti in New York Rangers zone.
19:40 of 2nd period - Snap shot by Nathan MacKinnon.
19:40 of 2nd period - Shot Blocked by Alexander Romanov.
19:42 of 2nd period - Slapshot by Nathan MacKinnon.
19:42 of 2nd period - Shot Blocked by K'Andre Miller.
19:44 of 2nd period - Backhand shot by Mark Giordano.
19:44 of 2nd period - Shot Blocked by K'Andre Miller.
19:46 of 2nd period - Slapshot by Mark Giordano.
19:46 of 2nd period - Deflect By Artemi Panarin.
19:46 of 2nd period - Stopped by John Gibson without a rebound.
19:47 of 2nd period - Filip Chytil wins face-off versus Seth Jarvis in Los Angeles Kings zone.
19:59 of 2nd period - Wrist shot by Mathew Barzal.
19:59 of 2nd period - Stopped by John Gibson with a rebound.
Goals for this period are 1 for New York Rangers vs 1 for Los Angeles Kings.
Shots for this period are 12 for New York Rangers vs 7 for Los Angeles Kings.
3rd period
0:01 of 3rd period - Pierre-Luc Dubois wins face-off versus Alexander Radulov in neutral zone.
0:04 of 3rd period - Snap shot by Artemi Panarin.
0:04 of 3rd period - Stopped by John Gibson with a rebound.
0:26 of 3rd period - Dmitry Kulikov is hit by Alexander Romanov and loses puck.
0:31 of 3rd period - Snap shot by Andrei Svechnikov.
0:31 of 3rd period - Stopped by Igor Shesterkin without a rebound.
0:32 of 3rd period - Filip Chytil wins face-off versus Seth Jarvis in New York Rangers zone.
0:41 of 3rd period - Snap shot by Mathew Barzal.
0:41 of 3rd period - Stopped by John Gibson with a rebound.
1:53 of 3rd period - Backhand shot by Alexander Romanov.
1:53 of 3rd period - Shot Blocked by Tyler Motte.
2:28 of 3rd period - Wrist shot by Mikael Granlund.
2:28 of 3rd period - Stopped by John Gibson with a rebound.
2:30 of 3rd period - Slapshot by Jake McCabe.
2:30 of 3rd period - Shot Blocked by Marco Rossi.
2:32 of 3rd period - Snap shot by Mikael Granlund.
2:32 of 3rd period - Shot Misses the Net.
2:34 of 3rd period - Slapshot by Matthew Benning.
2:34 of 3rd period - Shot Misses the Net.
2:50 of 3rd period - Wrist shot by Nathan MacKinnon.
2:50 of 3rd period - Goal by Nathan MacKinnon - New York Rangers : 3 - Los Angeles Kings : 1.
2:51 of 3rd period - Pierre-Luc Dubois wins face-off versus Cole Perfetti in neutral zone.
3:06 of 3rd period - Snap shot by Cole Perfetti.
3:06 of 3rd period - Stopped by Igor Shesterkin without a rebound.
3:07 of 3rd period - Cole Caufield wins face-off versus Alexander Radulov in New York Rangers zone.
3:12 of 3rd period - Peyton Krebs is hit by Dmitry Kulikov and loses puck.
4:07 of 3rd period - Wrist shot by Cole Perfetti.
4:07 of 3rd period - Shot Blocked by Mikael Granlund.
4:13 of 3rd period - Snap shot by Cole Perfetti.
4:13 of 3rd period - Deflect By Marco Rossi.
4:13 of 3rd period - Shot Misses the Net.
4:13 of 3rd period - Puck is out of play.
4:14 of 3rd period - Filip Chytil wins face-off versus Cooper Marody in New York Rangers zone.
4:29 of 3rd period - Slapshot by K'Andre Miller.
4:29 of 3rd period - Stopped by Igor Shesterkin with a rebound.
4:39 of 3rd period - Andrei Svechnikov is hit by Jake McCabe and loses puck.
5:45 of 3rd period - Snap shot by Vitali Kravtsov.
5:45 of 3rd period - Stopped by Igor Shesterkin without a rebound.
5:46 of 3rd period - Filip Chytil wins face-off versus Cooper Marody in New York Rangers zone.
5:46 of 3rd period - Filip Chytil is hit by Joshua Brown.
6:08 of 3rd period - Snap shot by Vitali Kravtsov.
6:08 of 3rd period - Shot Misses the Net.
6:28 of 3rd period - Slapshot by Cole Caufield.
6:28 of 3rd period - Shot Blocked by Noah Dobson.
6:30 of 3rd period - Slapshot by Adam Larsson.
6:30 of 3rd period - Shot Blocked by Cooper Marody.
6:44 of 3rd period - Slapshot by Noah Dobson.
6:44 of 3rd period - Shot Misses the Net.
7:22 of 3rd period - Wrist shot by Mathew Barzal.
7:22 of 3rd period - Stopped by John Gibson with a rebound.
7:24 of 3rd period - Slapshot by Adam Larsson.
7:24 of 3rd period - Shot Blocked by Vitali Kravtsov.
7:26 of 3rd period - Snap shot by Cole Caufield.
7:26 of 3rd period - Stopped by John Gibson with a rebound.
7:34 of 3rd period - Slapshot by Mathew Barzal.
7:34 of 3rd period - Stopped by John Gibson without a rebound.
7:35 of 3rd period - Seth Jarvis wins face-off versus Pierre-Luc Dubois in Los Angeles Kings zone.
7:42 of 3rd period - Backhand shot by Nathan MacKinnon.
7:42 of 3rd period - Stopped by John Gibson without a rebound.
7:43 of 3rd period - Seth Jarvis wins face-off versus Pierre-Luc Dubois in Los Angeles Kings zone.
7:43 of 3rd period - Seth Jarvis is hit by Nathan MacKinnon.
8:14 of 3rd period - Wrist shot by Peyton Krebs.
8:14 of 3rd period - Shot Hit the Post.
10:24 of 3rd period - Wrist shot by Cole Perfetti.
10:24 of 3rd period - Shot Misses the Net.
10:26 of 3rd period - Wrist shot by Cole Perfetti.
10:26 of 3rd period - Stopped by Igor Shesterkin with a rebound.
10:28 of 3rd period - Snap shot by Cole Perfetti.
10:28 of 3rd period - Stopped by Igor Shesterkin without a rebound.
10:29 of 3rd period - Mikael Granlund wins face-off versus Alexander Radulov in New York Rangers zone.
10:59 of 3rd period - Icing by Cole Caufield.
11:00 of 3rd period - Filip Chytil wins face-off versus Andrei Kuzmenko in New York Rangers zone.
11:00 of 3rd period - Filip Chytil is hit by Seth Jarvis.
11:41 of 3rd period - Minor Penalty to Mathew Barzal for Tripping.
11:42 of 3rd period - Alexander Radulov wins face-off versus David Kampf in New York Rangers zone.
13:41 of 3rd period - Penalty to Mathew Barzal is over, Mathew Barzal is back on ice.
14:38 of 3rd period - Cole Perfetti is hit by Eric Robinson and loses puck.
15:47 of 3rd period - Andrei Kuzmenko is hit by Tyler Motte and loses puck.
16:00 of 3rd period - Nathan MacKinnon is hit by Owen Power and loses puck.
16:17 of 3rd period - Cole Perfetti is hit by Mikael Granlund and loses puck.
17:08 of 3rd period - Gabriel Landeskog is hit by Erik Brannstrom and loses puck.
17:23 of 3rd period - Andrei Kuzmenko is hit by Artemi Panarin and loses puck.
17:30 of 3rd period - Pierre-Luc Dubois is hit by Ryan Reaves and loses puck.
17:41 of 3rd period - Peyton Krebs is hit by Eric Robinson and loses puck.
17:54 of 3rd period - Tyler Motte is hit by Marco Rossi and loses puck.
18:32 of 3rd period - Off-side.
18:33 of 3rd period - Pierre-Luc Dubois wins face-off versus Alexander Radulov in neutral zone.
18:51 of 3rd period - Off-side.
18:52 of 3rd period - Andrei Kuzmenko wins face-off versus Mikael Granlund in neutral zone.
19:30 of 3rd period - Icing by Andrei Kuzmenko.
19:31 of 3rd period - Mikael Granlund wins face-off versus Seth Jarvis in Los Angeles Kings zone.
19:36 of 3rd period - Snap shot by Mikael Granlund.
19:36 of 3rd period - Stopped by John Gibson with a rebound.
Goals for this period are 1 for New York Rangers vs 0 for Los Angeles Kings.
Shots for this period are 9 for New York Rangers vs 6 for Los Angeles Kings.
Back to the Top